MAA
NORTONVILLE CHEROKEES @ LANCASTER FARMERS
09/05/2019
 
TOP OF THE 1ST
Nortonville Cherokees batting - Pitching for Lancaster Farmers : LHP Brad Wilson
Pitching: LHP Brad Wilson
Batting: RHB Víctor López 0-0: Called Strike
0-1: Called Strike
0-2: Ball
1-2: Strikes out swinging
Batting: RHB Paco Vásquez 0-0: Ball
1-0: Foul Ball, location: 2F
1-1: Called Strike
1-2: Strikes out swinging
Batting: LHB Sergio Muñóz 0-0: Ball
1-0: Ball
2-0: Swinging Strike
2-1: Called Strike
2-2: Ball
3-2: Strikes out swinging
Top of the 1st over - 0 run(s), 0 hit(s), 0 error(s), 0 left on base; Nortonville 0 - Lancaster 0
BOTTOM OF THE 1ST
Lancaster Farmers batting - Pitching for Nortonville Cherokees : LHP Jim Unknown
Pitching: LHP Jim Unknown
Batting: RHB Fernando Castro 0-0: Ball
1-0: SINGLE (Line Drive, 6MD)
Batting: RHB Fred Meyer 0-0: Called Strike
0-1: Foul Ball, location: 2F
0-2: Ball
1-2: Ball
2-2: Hit by Pitch
Fernando Castro to second
Batting: RHB Jeffrey Avery 0-0: Called Strike
0-1: Foul Ball, location: 2F
0-2: SINGLE (Line Drive, 56)
Fernando Castro to third
Fred Meyer to second
Runner from 3rd tries for Home, SAFE, no throw or cutoff
Batting: RHB Jason Ruffin 0-0: Called Strike
0-1: Ball
1-1: Ball
2-1: Foul Ball, location: 2F
2-2: Foul Ball, location: 2F
2-2: Foul Ball, location: 2F
2-2: Strikes out swinging
Batting: RHB Ray John 0-0: Called Strike
0-1: Foul Ball, location: 2F
0-2: Ball
1-2: Ball
2-2: Strikes out swinging
Batting: RHB Bennett Bates 0-0: Ball
1-0: Ball
2-0: Ball
3-0: Called Strike
3-1: Fly out, F9 (Flyball, 9LM)
Bottom of the 1st over - 1 run(s), 2 hit(s), 0 error(s), 2 left on base; Nortonville 0 - Lancaster 1
TOP OF THE 2ND
Nortonville Cherokees batting - Pitching for Lancaster Farmers : LHP Brad Wilson
Batting: LHB Sam Good 0-0: Foul Ball, location: 2F
0-1: Swinging Strike
0-2: Strikes out swinging
Batting: RHB Chris Oudekirk 0-0: Ball
1-0: Ball
2-0: Foul Ball, location: 2F
2-1: Called Strike
2-2: Fly out, F9 (Flyball, 9LM)
Batting: RHB Javier Chávez 0-0: Foul Ball, location: 2F
0-1: Fly out, F9 (Flyball, 9S)
Top of the 2nd over - 0 run(s), 0 hit(s), 0 error(s), 0 left on base; Nortonville 0 - Lancaster 1
BOTTOM OF THE 2ND
Lancaster Farmers batting - Pitching for Nortonville Cherokees : LHP Jim Unknown
Batting: RHB Chuck Wolf 0-0: Ball
1-0: Ball
2-0: Called Strike
2-1: Called Strike
2-2: Strikes out swinging
Batting: LHB Rob Wilson 0-0: Called Strike
0-1: Bunted foul
0-2: Ball
1-2: Fly out, F7 (Flyball, 78S)
Batting: RHB Jack Sloan 0-0: Ball
1-0: SINGLE (Groundball, 6)
Batting: RHB Fernando Castro 0-0: Called Strike
0-1: Ball
1-1: Ball
2-1: Ball
3-1: Foul Ball, location: 2F
3-2: Ground out 5-3 (Groundball, 56)
Bottom of the 2nd over - 0 run(s), 1 hit(s), 0 error(s), 1 left on base; Nortonville 0 - Lancaster 1
TOP OF THE 3RD
Nortonville Cherokees batting - Pitching for Lancaster Farmers : LHP Brad Wilson
Batting: RHB Edén Mont 0-0: Ground out 4-3 (Groundball, 4)
Batting: LHB Sean Booth 0-0: Called Strike
0-1: Foul Ball, location: 2F
0-2: Strikes out looking
Batting: RHB Armando Alvarado 0-0: Ball
1-0: Called Strike
1-1: Foul Ball, location: 2F
1-2: Strikes out swinging
Top of the 3rd over - 0 run(s), 0 hit(s), 0 error(s), 0 left on base; Nortonville 0 - Lancaster 1
BOTTOM OF THE 3RD
Lancaster Farmers batting - Pitching for Nortonville Cherokees : LHP Jim Unknown
Batting: RHB Fred Meyer 0-0: SINGLE (Groundball, 6MD)
Batting: RHB Jeffrey Avery 0-0: Called Strike
0-1: Grounds into double play, 6-4-3 (Groundball, 6M)
Batting: RHB Jason Ruffin 0-0: Called Strike
0-1: Ball
1-1: Ball
2-1: Fly out, F9 (Flyball, 89M)
Bottom of the 3rd over - 0 run(s), 1 hit(s), 0 error(s), 0 left on base; Nortonville 0 - Lancaster 1
TOP OF THE 4TH
Nortonville Cherokees batting - Pitching for Lancaster Farmers : LHP Brad Wilson
Batting: RHB Víctor López 0-0: Ball
1-0: SINGLE (Flyball, 8RS)
Batting: RHB Paco Vásquez 0-0: Grounds into double play, 5-4-3 (Groundball, 5)
Batting: LHB Sergio Muñóz 0-0: Ball
1-0: Fly out, F7 (Flyball, 7D)
Top of the 4th over - 0 run(s), 1 hit(s), 0 error(s), 0 left on base; Nortonville 0 - Lancaster 1
BOTTOM OF THE 4TH
Lancaster Farmers batting - Pitching for Nortonville Cherokees : LHP Jim Unknown
Batting: RHB Ray John 0-0: Ball
1-0: Foul Ball, location: 2F
1-1: Fly out, F8 (Flyball, 8RD)
Batting: RHB Bennett Bates 0-0: Called Strike
0-1: Ground out 5-3 (Groundball, 5L)
Batting: RHB Chuck Wolf 0-0: Ball
1-0: Foul Ball, location: 2F
1-1: Ball
2-1: Foul Ball, location: 2F
2-2: Ball
3-2: Base on Balls
Batting: LHB Rob Wilson 0-0: Swinging Strike
0-1: Swinging Strike
0-2: Strikes out swinging
Bottom of the 4th over - 0 run(s), 0 hit(s), 0 error(s), 1 left on base; Nortonville 0 - Lancaster 1
TOP OF THE 5TH
Nortonville Cherokees batting - Pitching for Lancaster Farmers : LHP Brad Wilson
Batting: LHB Sam Good 0-0: Called Strike
0-1: Fly out, F8 (Flyball, 8LD)
Batting: RHB Chris Oudekirk 0-0: Ball
1-0: Swinging Strike
1-1: SINGLE (Flyball, 8LS)
Batting: RHB Javier Chávez 0-0: Ball
1-0: Foul Ball, location: 2F
1-1: Swinging Strike
1-2: Fly out, F8 (Flyball, 8RM)
Batting: RHB Edén Mont 0-0: Swinging Strike
0-1: Called Strike
0-2: Ball
Wild Pitch!
Chris Oudekirk to second
1-2: Ball
2-2: Foul Ball, location: 2F
2-2: Strikes out swinging
Top of the 5th over - 0 run(s), 1 hit(s), 0 error(s), 1 left on base; Nortonville 0 - Lancaster 1
BOTTOM OF THE 5TH
Lancaster Farmers batting - Pitching for Nortonville Cherokees : LHP Jim Unknown
Batting: RHB Jack Sloan 0-0: Ball
1-0: Called Strike
1-1: Foul Ball, location: 2F
1-2: Ground out 6-3 (Groundball, 6)
Batting: RHB Fernando Castro 0-0: Foul Ball, location: 2F
0-1: Swinging Strike
0-2: Foul Ball, location: 2F
0-2: Ball
1-2: Strikes out swinging
Batting: RHB Fred Meyer 0-0: Foul Ball, location: 2F
0-1: Fly out, F4 (Popup, 4MD)
Bottom of the 5th over - 0 run(s), 0 hit(s), 0 error(s), 0 left on base; Nortonville 0 - Lancaster 1
TOP OF THE 6TH
Nortonville Cherokees batting - Pitching for Lancaster Farmers : LHP Brad Wilson
Batting: LHB Sean Booth 0-0: Called Strike
0-1: Ball
1-1: Ball
2-1: Fly out, F7 (Flyball, 78M)
Batting: RHB Armando Alvarado 0-0: Called Strike
0-1: Swinging Strike
0-2: Ball
1-2: Fly out, F9 (Popup, 34D)
Batting: RHB Víctor López 0-0: Swinging Strike
0-1: Foul Ball, location: 2F
0-2: Ball
1-2: Strikes out swinging
Top of the 6th over - 0 run(s), 0 hit(s), 0 error(s), 0 left on base; Nortonville 0 - Lancaster 1
BOTTOM OF THE 6TH
Lancaster Farmers batting - Pitching for Nortonville Cherokees : LHP Jim Unknown
Batting: RHB Jeffrey Avery 0-0: Foul Ball, location: 2F
0-1: Foul Ball, location: 2F
0-2: Ground out 5-3 (Groundball, 5)
Batting: RHB Jason Ruffin 0-0: Called Strike
0-1: Ball
1-1: Foul Ball, location: 2F
1-2: Ball
2-2: Ground out U3 (Groundball, 3)
Batting: RHB Ray John 0-0: Ball
1-0: Ball
2-0: Ball
3-0: Called Strike
3-1: Fly out, F3 (Popup, 3SF)
Bottom of the 6th over - 0 run(s), 0 hit(s), 0 error(s), 0 left on base; Nortonville 0 - Lancaster 1
TOP OF THE 7TH
Nortonville Cherokees batting - Pitching for Lancaster Farmers : LHP Brad Wilson
Batting: RHB Paco Vásquez 0-0: Called Strike
0-1: Swinging Strike
0-2: Strikes out swinging
Batting: LHB Sergio Muñóz 0-0: Called Strike
0-1: Foul Ball, location: 2F
0-2: Ball
1-2: Ball
2-2: Strikes out swinging
Batting: LHB Sam Good 0-0: Called Strike
0-1: Ground out 4-3 (Groundball, 4)
Top of the 7th over - 0 run(s), 0 hit(s), 0 error(s), 0 left on base; Nortonville 0 - Lancaster 1
BOTTOM OF THE 7TH
Lancaster Farmers batting - Pitching for Nortonville Cherokees : LHP Jim Unknown
Batting: RHB Bennett Bates 0-0: Called Strike
0-1: Called Strike
0-2: Fly out, F4 (Popup, 4MD)
Batting: RHB Chuck Wolf 0-0: Reached on error, E5 (Groundball, 56)
Pinch Hitting: SHB Arturo Robles 0-0: Intentional Walk
Batting: RHB Jack Sloan 0-0: Reached on error, E5 (Groundball, 56S)
Chuck Wolf to third
Arturo Robles to second
Batting: RHB Fernando Castro 0-0: Foul Ball, location: 2F
0-1: Ball
1-1: Called Strike
1-2: Ball
2-2: Fly out, F8 (Flyball, 8LM)
Runner from 3rd tags up, SCORES, throw made
Batting: RHB Fred Meyer 0-0: Ball
1-0: Ball
2-0: Foul Ball, location: 2F
2-1: Called Strike
2-2: SINGLE (Groundball, 56)
Arturo Robles to third
Jack Sloan to second
Runner from 3rd tries for Home, SAFE, no throw or cutoff
Pitching: RHP Roberto Cabrera
Batting: RHB Jeffrey Avery 0-0: Ball
1-0: SINGLE (Groundball, 6)
Jack Sloan to third
Fred Meyer to second
Runner from 3rd tries for Home, SAFE, no throw or cutoff
Batting: RHB Jason Ruffin 0-0: DOUBLE (Groundball, 3L)
Fred Meyer scores
Jeffrey Avery to third
Batting: RHB Ray John 0-0: Called Strike
0-1: Called Strike
0-2: Ball
1-2: Strikes out swinging
Bottom of the 7th over - 4 run(s), 3 hit(s), 2 error(s), 2 left on base; Nortonville 0 - Lancaster 5
TOP OF THE 8TH
Nortonville Cherokees batting - Pitching for Lancaster Farmers : LHP Brad Wilson
Now in LF: Arturo Robles
Batting: RHB Chris Oudekirk 0-0: Ball
1-0: Swinging Strike
1-1: Swinging Strike
1-2: Strikes out looking
Batting: RHB Javier Chávez 0-0: SOLO HOME RUN (Line Drive, 9LD), Distance : 344 ft
Batting: RHB Edén Mont 0-0: Ball
1-0: Fly out, F7 (Flyball, 78M)
Batting: LHB Sean Booth 0-0: Ball
1-0: Ball
2-0: Ball
3-0: Called Strike
3-1: Called Strike
3-2: Foul Ball, location: 2F
3-2: Strikes out swinging
Top of the 8th over - 1 run(s), 1 hit(s), 0 error(s), 0 left on base; Nortonville 1 - Lancaster 5
BOTTOM OF THE 8TH
Lancaster Farmers batting - Pitching for Nortonville Cherokees : RHP Roberto Cabrera
Batting: RHB Bennett Bates 0-0: Ball
1-0: SINGLE (Flyball, 8LS)
Batting: RHB Chuck Wolf 0-0: Called Strike
0-1: SINGLE (Groundball, 4M)
Bennett Bates to second
Batting: SHB Arturo Robles 0-0: Ball
1-0: Ball
2-0: Foul Ball, location: 2F
2-1: SINGLE (Groundball, 4MD) (infield hit)
Bennett Bates to third
Chuck Wolf to second
Batting: RHB Jack Sloan 0-0: Called Strike
0-1: Called Strike
0-2: Ball
1-2: Foul Ball, location: 2F
1-2: Ball
2-2: Foul Ball, location: 2F
2-2: SINGLE (Line Drive, 6D)
Bennett Bates scores
Chuck Wolf to third
Arturo Robles to second
Batting: RHB Fernando Castro 0-0: Ball
1-0: Swinging Strike
1-1: Ball
2-1: Ground out 5-3 (Groundball, 56S)
Chuck Wolf scores
Arturo Robles to third
Jack Sloan to second
Pitching: LHP Melvin Henry
Batting: RHB Fred Meyer 0-0: Foul Ball, location: 2F
0-1: Ball
1-1: Ball
2-1: Fly out, F9 (Flyball, 9M)
Runner from 3rd tags up, SCORES, no throw
Batting: RHB Jeffrey Avery 0-0: Called Strike
0-1: Fly out, F6 (Popup, 5)
Bottom of the 8th over - 3 run(s), 4 hit(s), 0 error(s), 1 left on base; Nortonville 1 - Lancaster 8
TOP OF THE 9TH
Nortonville Cherokees batting - Pitching for Lancaster Farmers : LHP Brad Wilson
Batting: RHB Armando Alvarado 0-0: Ball
1-0: Called Strike
1-1: Foul Ball, location: 2F
1-2: Ball
2-2: Fly out, F9 (Line Drive, 89S)
Pinch Hitting: RHB Jean Lemaire 0-0: Ball
1-0: Ball
2-0: Ball
3-0: Base on Balls
Batting: RHB Paco Vásquez 0-0: Ball
1-0: Ball
2-0: Called Strike
2-1: Foul Ball, location: 2F
2-2: Strikes out swinging
Batting: LHB Sergio Muñóz 0-0: Swinging Strike
0-1: Called Strike
0-2: Strikes out swinging
Top of the 9th over - 0 run(s), 0 hit(s), 0 error(s), 1 left on base; Nortonville 1 - Lancaster 8
This league is powered by Out of the Park Baseball, the baseball management simulation game for PC, Mac and Linux
Saturday, July 25th, 2015 - OOTP Baseball 15.6 Build 34